Silver Tips vs Heat

Created - April 26, 2024 at 22:13

Goals
1 2 3 T
Silver Tips 1 0 1 2
Heat 1 2 1 4
Shots
1 2 3 T
Silver Tips 6 11 4 21
Heat 11 22 9 42

1st period

1. Silver Tips , Michael Kesselring 1 (Cal Clutterbuck 2, Rem Pitlick 3) at 2:12 (PP)
2. Heat , Jaycob Megna 2 (Nathan Walker 1) at 5:24

Penalties :
Cameron Hughes (STO) for Holding Stick (Minor) at 0:06, Tanner Kero (STO) for Tripping (Minor) at 1:15, Cal Clutterbuck (EVT) for Roughing (Minor) at 10:55, William Eklund (EVT) for Holding (Minor) at 12:15, Jaycob Megna (STO) for High sticking (Minor) at 16:54

2nd period

3. Heat , Marcus Bjork 2 (Filip Roos 1) at 1:46 (PP)
4. Heat , Anthony Richard 1 (Chris Terry 1, Cam York 2) at 12:37 (PP)

Penalties :
David Jiricek (EVT) for Tripping (Minor) at 0:27, Zac Dalpe (STO) for Tripping (Minor) at 1:56, Jacob Bernard-Docker (STO) for Hooking (Minor) at 5:20, Adam Cracknell (EVT) for High sticking (Minor) at 11:03, Adam Ginning (EVT) for Hooking (Minor) at 12:17, Yegor Zamula (EVT) for Holding (Minor) at 18:01

3rd period

5. Heat , Nathan Walker 1 (Jayson Megna 1) at 7:25
6. Silver Tips , William Trudeau 1 (Rem Pitlick 4, Gemel Smith 1) at 15:52 (PP)

Penalties :
Adam Ginning (EVT) for Charging (Minor) at 1:37, William Trudeau (EVT) for High sticking (Minor) at 11:32, Chase De Leo (EVT) for Hooking (Minor) at 12:01, Jacob Bernard-Docker (STO) for Roughing (Minor) at 14:28

Goalie Stats

Lukas Dostal (EVT), 38 saves from 42 shots - (0.905), L, 1-1-0, 60:00 minutes
Calvin Pickard (STO), 19 saves from 21 shots - (0.905), W, 1-1-0, 60:00 minutes

Players Stats for Silver Tips

Player Name              G  A  P  +/- PIM S  H  SB GA TA FO     MP     PP MP  PK MP  
------------------------------------------------------------------------------------
Adam Cracknell           0  0  0  -1  2   1  1  1  0  0  0/0    15:29   0:00   0:46 
Adam Ginning             0  0  0  -1  4   1  2  0  0  0  0/0    21:40   4:21   5:35 
Cal Clutterbuck          0  1  1   0  2   3  3  3  0  0  3/7    20:28   4:21   3:35 
Chase De Leo             0  0  0  -1  2   4  1  1  0  0  0/0    13:47   4:28   0:20 
Connor Brown             0  0  0  -1  0   0  0  0  0  0  11/14  12:49   0:00   0:00 
David Jiricek            0  0  0  -1  2   1  0  2  0  0  0/0    15:41   0:04   2:32 
Gemel Smith              0  1  1   0  0   0  0  0  0  0  1/2     2:53   0:54   0:00 
Joseph Cecconi           0  0  0  -1  0   0  4  0  0  0  0/0    14:09   0:00   1:35 
Michael Kesselring       1  0  1   0  0   1  0  1  0  0  0/0    24:00   5:06   7:47 
Nathan Todd              0  0  0   0  0   0  0  0  0  0  0/0     0:00   0:00   0:00 
Olle Lycksell            0  0  0   0  0   0  0  0  0  0  0/0     0:38   0:38   0:00 
Patrick Maroon           0  0  0   0  0   0  4  1  0  0  0/0    20:08   4:39   7:56 
Raphael Lavoie           0  0  0  -1  0   3  1  0  0  0  8/16   21:03   4:28   7:36 
Rem Pitlick              0  2  2   0  0   3  0  0  0  0  1/24   22:08   4:25   5:10 
Samuel Fagemo            0  0  0  -1  0   2  2  0  0  0  0/0    14:44   0:00   0:00 
William Eklund           0  0  0  -1  2   1  2  0  0  0  6/16   19:03   4:28   0:40 
William Trudeau          1  0  1  -1  2   1  4  3  0  0  0/0    22:46   4:21   5:51 
Yegor Zamula             0  0  0   0  2   0  1  4  0  0  0/0    21:39   5:02   5:13 

Players Stats for Heat

Player Name              G  A  P  +/- PIM S  H  SB GA TA FO     MP     PP MP  PK MP  
------------------------------------------------------------------------------------
Andrew Agozzino          0  0  0   0  0   3  3  0  0  0  15/22  15:33   6:55   0:00 
Anthony Richard          1  0  1   0  0   3  2  0  0  0  0/1    15:59   7:19   0:00 
Cam York                 0  1  1   2  0   6  0  0  0  0  0/0    21:54   7:12   3:01 
Cameron Hughes           0  0  0   0  2   0  0  0  0  0  1/1     9:09   0:03   0:29 
Chris Terry              0  1  1   0  0   4  2  1  0  0  0/0    16:02   7:22   0:00 
Filip Roos               0  1  1   0  0   0  0  0  0  0  0/0    18:56   7:05   1:46 
Georgii Merkulov         0  0  0   2  0   0  1  0  0  0  5/10   13:41   0:03   4:13 
Jacob Bernard-Docker     0  0  0   0  4   2  2  1  0  0  0/0    16:00   0:00   3:45 
Jaycob Megna             1  0  1   2  2   2  1  2  0  0  0/0    22:58   7:12   4:58 
Jayson Megna             0  1  1   2  0   3  1  0  0  0  2/2    13:49   0:00   4:24 
Marcus Bjork             1  0  1   0  0   6  2  3  0  0  0/0    23:08   6:32   2:23 
Max McCormick            0  0  0   0  0   0  0  0  0  0  0/0    16:28   6:55   0:00 
Nathan Walker            1  1  2   2  0   3  1  0  0  0  0/0    13:38   0:00   4:13 
Radim Simek              0  0  0   0  0   0  1  0  0  0  0/0    17:01   0:33   3:01 
Sam Gagner               0  0  0   0  0   4  1  0  0  0  1/1    14:59   6:21   0:00 
Tanner Kero              0  0  0   0  2   1  1  0  0  0  10/17  13:27   0:00   3:54 
Tyler Pitlick            0  0  0   0  0   3  0  0  0  0  0/1    10:57   0:34   0:50 
Zac Dalpe                0  0  0   0  2   2  3  0  0  0  15/24  15:58   7:19   0:00 

3 Stars

1 - Nathan Walker (STO)
2 - Marcus Bjork (STO)
3 - Jaycob Megna (STO)

Power Play

Silver Tips - 2 on 6 Attempt(s) - 33.33%
Heat - 2 on 9 Attempt(s) - 22.22%

Penalty Kill

Silver Tips - 7 on 9 Attempt(s) - 77.78% - Score 0 goal in Penalty Kill
Heat - 4 on 6 Attempt(s) - 66.67% - Score 0 goal in Penalty Kill

Team Stat

Silver Tips - Hits : 25 - Faceoff Wins : 30 - Blocked Shots : 16 - Penalty Minutes : 18
Heat - Hits : 21 - Faceoff Wins : 49 - Blocked Shots : 7 - Penalty Minutes : 12

Official

Referees : Jordan Samuels and Kyle Rehman
Linesman : Andrew Smith and Kyle Flemington

Game Notes

No Game Note

Finance

Level 1 -- Attendance: 1947 (97.35%) -- Ticket Income $68,145
Level 2 -- Attendance: 1000 (100.00%) -- Ticket Income $15,000
Total Attendance: 2947 (98.23%)
Total Ticket Income: $83,145
Other Income: $40,741
Total Income: $123,886

Silver Tips

5 vs 5 Forward 
   Center                   Left Wing                Right Wing               Time % Phy DF OF 
 1 Rem Pitlick              Patrick Maroon           Cal Clutterbuck          25     1   2  2  
 2 Connor Brown             Chase De Leo             Raphael Lavoie           25     1   2  2  
 3 William Eklund           Samuel Fagemo            Adam Cracknell           25     1   2  2  
 4 Cal Clutterbuck          Rem Pitlick              Connor Brown             25     1   2  2  

5 vs 5 Defense 
   Defense                  Defense                                           Time % Phy DF OF 
 1 Yegor Zamula             Michael Kesselring                                25     1   2  2  
 2 David Jiricek            William Trudeau                                   25     1   2  2  
 3 Adam Ginning             Joseph Cecconi                                    25     1   2  2  
 4 Yegor Zamula             Michael Kesselring                                25     1   2  2  

PowerPlay Forward 
   Center                   Left Wing                Right Wing               Time % Phy DF OF 
 1 Rem Pitlick              Patrick Maroon           Cal Clutterbuck          60     1   2  2  
 2 William Eklund           Chase De Leo             Raphael Lavoie           40     1   2  2  

PowerPlay Defense
   Defense                  Defense                                           Time % Phy DF OF 
 1 Yegor Zamula             Michael Kesselring                                60     1   2  2  
 2 Adam Ginning             William Trudeau                                   40     1   2  2  

Penalty Kill 4 Players Forward 
   Center                   Wing                     Time % Phy DF OF 
 1 Raphael Lavoie           Patrick Maroon           60     1   2  2  
 2 Rem Pitlick              Cal Clutterbuck          40     1   2  2  

Penalty Kill 4 Players Defense
   Defense                  Defense                  Time % Phy DF OF 
 1 Yegor Zamula             Michael Kesselring       60     1   2  2  
 2 Adam Ginning             William Trudeau          40     1   2  2  

Penalty Kill - 3 Players Forward 
   Forward                                           Time % Phy DF OF 
 1 Rem Pitlick                                       60     1   2  2  
 2 Patrick Maroon                                    40     1   2  2  

Penalty Kill - 3 Players Defense
   Defense                  Defense                  Time % Phy DF OF 
 1 Yegor Zamula             Michael Kesselring       60     1   2  2  
 2 Joseph Cecconi           William Trudeau          40     1   2  2  

4 vs 4 Forward 
   Center                   Wing                     Time % Phy DF OF 
 1 Cal Clutterbuck          Patrick Maroon           60     1   2  2  
 2 Rem Pitlick              Raphael Lavoie           40     1   2  2  

4 vs 4 Defense
   Defense                  Defense                  Time % Phy DF OF 
 1 Yegor Zamula             Michael Kesselring       60     1   2  2  
 2 Adam Ginning             William Trudeau          40     1   2  2  

Last Minutes Offensive
   Center                   Left Wing                Right Wing               Defense                  Defense                  
   Rem Pitlick              Patrick Maroon           Cal Clutterbuck          Yegor Zamula             Michael Kesselring       

Last Minutes Defensive
   Center                   Left Wing                Right Wing               Defense                  Defense                  
   Rem Pitlick              Patrick Maroon           Cal Clutterbuck          Yegor Zamula             Michael Kesselring       

Goaltenders
Starting : Lukas Dostal             
Backup : Dustin Wolf              

Extra Forwards
Normal : Gemel Smith, William Eklund, Rem Pitlick - PP : Gemel Smith, William Eklund - PK : Rem Pitlick
Extra Defensemen
Normal : Adam Ginning, Yegor Zamula, Michael Kesselring - PP : Adam Ginning - PK : Michael Kesselring, Yegor Zamula
Penalty Shots
William Eklund, Patrick Maroon, Rem Pitlick, Cal Clutterbuck, Raphael Lavoie
Custom OT Lines Forwards
Cal Clutterbuck, Patrick Maroon, Rem Pitlick, Connor Brown, Raphael Lavoie, Chase De Leo, William Eklund, Adam Cracknell, Gemel Smith, Samuel Fagemo
Custom OT Lines Defensemen
Yegor Zamula, Michael Kesselring, Joseph Cecconi, William Trudeau, Adam Ginning

Scratches
Santtu Kinnunen (Healthy), Henri Nikkanen (Healthy), Brendan Perlini (Healthy), Tyce Thompson (Healthy), Hayden Hodgson (Healthy)
Navrin Mutter (Healthy), Gustav Olofsson (Healthy), Alexander Kisakov (Healthy), Andre Lee (Healthy), Carter Savoie (Healthy)
Jeremy McKenna (Healthy), Jeremy Davies (Healthy), Blade Jenkins (Healthy), Riley Sawchuk (Healthy), Michael Regush (Healthy)
Dylan Holloway (Healthy), Mitch Reinke (Healthy), Patrick Holway (Healthy), Rourke Chartier (Healthy), Joel Teasdale (Healthy)
Ben Copeland (Healthy), Michael O'Leary (Healthy), Peter Diliberatore (Healthy), Leevi Merilainen (Healthy), Vadim Zherenko (Healthy)
Remi Poirier (Healthy), Gage Alexander (Healthy), Joel Hofer (Healthy)

Heat

5 vs 5 Forward 
   Center                   Left Wing                Right Wing               Time % Phy DF OF 
 1 Andrew Agozzino          Cameron Hughes           Sam Gagner               25     0   3  2  
 2 Zac Dalpe                Chris Terry              Anthony Richard          25     0   3  2  
 3 Tanner Kero              Max McCormick            Tyler Pitlick            25     0   4  1  
 4 Georgii Merkulov         Nathan Walker            Jayson Megna             25     0   4  1  

5 vs 5 Defense 
   Defense                  Defense                                           Time % Phy DF OF 
 1 Jaycob Megna             Cam York                                          34     0   4  1  
 2 Radim Simek              Marcus Bjork                                      32     0   4  1  
 3 Jacob Bernard-Docker     Filip Roos                                        30     0   4  1  
 4 Cam York                 Marcus Bjork                                      4      0   4  1  

PowerPlay Forward 
   Center                   Left Wing                Right Wing               Time % Phy DF OF 
 1 Andrew Agozzino          Max McCormick            Sam Gagner               50     0   0  5  
 2 Zac Dalpe                Chris Terry              Anthony Richard          50     0   0  5  

PowerPlay Defense
   Defense                  Defense                                           Time % Phy DF OF 
 1 Jaycob Megna             Cam York                                          50     0   2  3  
 2 Filip Roos               Marcus Bjork                                      50     0   2  3  

Penalty Kill 4 Players Forward 
   Center                   Wing                     Time % Phy DF OF 
 1 Tanner Kero              Jayson Megna             50     0   5  0  
 2 Georgii Merkulov         Nathan Walker            50     0   5  0  

Penalty Kill 4 Players Defense
   Defense                  Defense                  Time % Phy DF OF 
 1 Jaycob Megna             Jacob Bernard-Docker     50     0   4  1  
 2 Radim Simek              Marcus Bjork             50     0   4  1  

Penalty Kill - 3 Players Forward 
   Forward                                           Time % Phy DF OF 
 1 Tanner Kero                                       50     0   5  0  
 2 Georgii Merkulov                                  50     0   5  0  

Penalty Kill - 3 Players Defense
   Defense                  Defense                  Time % Phy DF OF 
 1 Jaycob Megna             Jacob Bernard-Docker     50     0   4  1  
 2 Radim Simek              Marcus Bjork             50     0   4  1  

4 vs 4 Forward 
   Center                   Wing                     Time % Phy DF OF 
 1 Andrew Agozzino          Anthony Richard          50     0   3  2  
 2 Zac Dalpe                Max McCormick            50     0   3  2  

4 vs 4 Defense
   Defense                  Defense                  Time % Phy DF OF 
 1 Jaycob Megna             Cam York                 50     0   4  1  
 2 Filip Roos               Marcus Bjork             50     0   4  1  

Last Minutes Offensive
   Center                   Left Wing                Right Wing               Defense                  Defense                  
   Andrew Agozzino          Anthony Richard          Sam Gagner               Jaycob Megna             Cam York                 

Last Minutes Defensive
   Center                   Left Wing                Right Wing               Defense                  Defense                  
   Jayson Megna             Nathan Walker            Tyler Pitlick            Radim Simek              Jaycob Megna             

Goaltenders
Starting : Calvin Pickard           
Backup : Jaxson Stauber           

Extra Forwards
Normal : Georgii Merkulov, Nathan Walker, Jayson Megna - PP : Max McCormick, Tyler Pitlick - PK : Tyler Pitlick
Extra Defensemen
Normal : Filip Roos, Jacob Bernard-Docker, Radim Simek - PP : Radim Simek - PK : Cam York, Filip Roos
Penalty Shots
Andrew Agozzino, Chris Terry, Max McCormick, Georgii Merkulov, Sam Gagner
Custom OT Lines Forwards
Sam Gagner, Anthony Richard, Andrew Agozzino, Max McCormick, Zac Dalpe, Chris Terry, Georgii Merkulov, Cameron Hughes, Tanner Kero, Jayson Megna
Custom OT Lines Defensemen
Cam York, Jaycob Megna, Marcus Bjork, Radim Simek, Filip Roos

Scratches
Jack Dugan (Healthy), Darren Raddysh (Healthy), Angus Crookshank (Healthy), Tristen Robins (Healthy), Jiri Kulich (Healthy)
Tanner Laczynski (Healthy), Byron Froese (Healthy), Ben McCartney (Healthy), Benjamin Jones (Healthy), Cole Reinhardt (Healthy)
Michael Mersch (Healthy), Martin Pospisil (Healthy), Benjamin Gleason (Healthy), Josh Doan (Healthy), Glenn Gawdin (Healthy)
Marian Studenic (Healthy), David Farrance (Healthy), Nolan Stevens (Healthy), Semyon Der-Arguchintsev (Healthy), Chase Wouters (Healthy)
Danila Klimovich (Healthy), Declan Chisholm (Healthy), Axel Andersson (Healthy), Linus Weissbach (Healthy), Vladislav Kolyachonok (Healthy)
Jared McIsaac (Healthy)

% Time on Ice - Silver Tips

Lines # - Real PCT - Wanted PCT - Time Play
Normal Forward
1 - 21% - 25% - 7:33
2 - 25% - 25% - 8:59
3 - 41% - 25% - 14:44
4 - 14% - 25% - 5:00
Normal Defense
1 - 15% - 25% - 5:27
2 - 35% - 25% - 12:35
3 - 35% - 25% - 12:34
4 - 16% - 25% - 5:40
PP Forward
1 - 53% - 60% - 4:59
2 - 47% - 40% - 4:28
PP Defense
1 - 54% - 60% - 5:06
2 - 46% - 40% - 4:21
PK Forward
1 - 69% - 60% - 8:08
2 - 31% - 40% - 3:40
PK Defense
1 - 59% - 60% - 6:55
2 - 41% - 40% - 4:53
PK3 Forward
1 - 94% - 60% - 2:20
2 - 6% - 40% - 0:09
PK3 Defense
1 - 30% - 60% - 0:45
2 - 70% - 40% - 1:44
44 Forward
1 - 0% - 60%
2 - 0% - 40%
44 Defense
1 - 0% - 60%
2 - 0% - 40%
Last Minute Offensive  - 0:00
Last Minute Defensive  - 0:00
Total
Forward - 60:00
Defense - 60:00

% Time on Ice - Heat

Lines # - Real PCT - Wanted PCT - Time Play
Normal Forward
1 - 24% - 25% - 8:38
2 - 24% - 25% - 8:40
3 - 26% - 25% - 9:33
4 - 26% - 25% - 9:25
Normal Defense
1 - 30% - 34% - 10:49
2 - 38% - 32% - 13:49
3 - 30% - 30% - 10:46
4 - 2% - 4% - 0:52
PP Forward
1 - 48% - 50% - 6:55
2 - 52% - 50% - 7:22
PP Defense
1 - 50% - 50% - 7:12
2 - 50% - 50% - 7:05
PK Forward
1 - 51% - 50% - 4:24
2 - 49% - 50% - 4:13
PK Defense
1 - 72% - 50% - 6:14
2 - 28% - 50% - 2:23
PK3 Forward
1 - 100% - 50% - 0:50
2 - 0% - 50% - 0:00
PK3 Defense
1 - 100% - 50% - 0:50
2 - 0% - 50% - 0:00
44 Forward
1 - 0% - 50%
2 - 0% - 50%
44 Defense
1 - 0% - 50%
2 - 0% - 50%
Last Minute Offensive  - 0:00
Last Minute Defensive  - 0:00
Total
Forward - 60:00
Defense - 60:00

Play-by-Play

1st period


0:01 of 1st period - Andrew Agozzino wins face-off versus Rem Pitlick in neutral zone.
0:04 of 1st period - Patrick Maroon is hit by Andrew Agozzino and loses puck.
0:06 of 1st period - Minor Penalty to Cameron Hughes for Holding Stick.
0:07 of 1st period - Tanner Kero wins face-off versus Rem Pitlick in Heat zone.
0:34 of 1st period - Shot by Rem Pitlick.
0:34 of 1st period - Shot Blocked by Jaycob Megna.
1:15 of 1st period - Minor Penalty to Tanner Kero for Tripping.
1:16 of 1st period - William Eklund wins face-off versus Tyler Pitlick in Heat zone.
1:34 of 1st period - Shot by Chase De Leo.
1:34 of 1st period - Stopped by Calvin Pickard with a rebound.
2:10 of 1st period - Shot by Rem Pitlick.
2:10 of 1st period - Deflect By Cal Clutterbuck.
2:10 of 1st period - Shot Misses the Net.
2:12 of 1st period - Shot by Michael Kesselring.
2:12 of 1st period - Goal by Michael Kesselring - Silver Tips : 1 - Heat : 0.
2:13 of 1st period - Zac Dalpe wins face-off versus William Eklund in neutral zone.
4:29 of 1st period - Tanner Kero is hit by Cal Clutterbuck.
4:44 of 1st period - Shot by Marcus Bjork.
4:44 of 1st period - Stopped by Lukas Dostal with a rebound.
5:11 of 1st period - Shot by Cam York.
5:11 of 1st period - Stopped by Lukas Dostal without a rebound.
5:12 of 1st period - Connor Brown wins face-off versus Georgii Merkulov in Silver Tips zone.
5:22 of 1st period - Shot by Nathan Walker.
5:22 of 1st period - Shot Blocked by Chase De Leo.
5:24 of 1st period - Shot by Jaycob Megna.
5:24 of 1st period - Goal by Jaycob Megna - Silver Tips : 1 - Heat : 1.
5:25 of 1st period - Andrew Agozzino wins face-off versus William Eklund in neutral zone.
5:25 of 1st period - Andrew Agozzino is hit by William Eklund.
5:42 of 1st period - Jacob Bernard-Docker is hit by William Eklund and loses puck.
5:50 of 1st period - Filip Roos is hit by Joseph Cecconi and loses puck.
6:00 of 1st period - Icing by William Eklund.
6:01 of 1st period - Zac Dalpe wins face-off versus William Eklund in Silver Tips zone.
6:27 of 1st period - Chris Terry is hit by Joseph Cecconi and loses puck.
6:58 of 1st period - William Trudeau is hit by Anthony Richard.
7:15 of 1st period - Connor Brown is hit by Radim Simek and loses puck.
7:18 of 1st period - Shot by Chase De Leo.
7:18 of 1st period - Shot Blocked by Marcus Bjork.
7:20 of 1st period - Shot by William Trudeau.
7:20 of 1st period - Shot Hit the Post.
7:22 of 1st period - Shot by Chase De Leo.
7:22 of 1st period - Shot Misses the Net.
7:24 of 1st period - Shot by Chase De Leo.
7:24 of 1st period - Stopped by Calvin Pickard with a rebound.
7:58 of 1st period - Nathan Walker is hit by Patrick Maroon and loses puck.
8:11 of 1st period - Shot by Georgii Merkulov.
8:11 of 1st period - Shot Misses the Net.
8:13 of 1st period - Shot by Jacob Bernard-Docker.
8:13 of 1st period - Stopped by Lukas Dostal without a rebound.
8:14 of 1st period - Connor Brown wins face-off versus Andrew Agozzino in Silver Tips zone.
8:19 of 1st period - Shot by Connor Brown.
8:19 of 1st period - Shot Misses the Net.
9:03 of 1st period - Off-side.
9:04 of 1st period - Jayson Megna wins face-off versus Rem Pitlick in neutral zone.
9:55 of 1st period - Off-side.
9:56 of 1st period - Tanner Kero wins face-off versus William Eklund in neutral zone.
10:06 of 1st period - Shot by Tyler Pitlick.
10:06 of 1st period - Shot Misses the Net.
10:08 of 1st period - Shot by Jacob Bernard-Docker.
10:08 of 1st period - Stopped by Lukas Dostal without a rebound.
10:09 of 1st period - William Eklund wins face-off versus Zac Dalpe in Silver Tips zone.
10:39 of 1st period - Off-side.
10:40 of 1st period - Tanner Kero wins face-off versus Cal Clutterbuck in neutral zone.
10:53 of 1st period - Jacob Bernard-Docker is hit by Cal Clutterbuck and loses puck.
10:55 of 1st period - Minor Penalty to Cal Clutterbuck for Roughing.
10:56 of 1st period - Raphael Lavoie wins face-off versus Andrew Agozzino in Silver Tips zone.
11:20 of 1st period - Shot by Max McCormick.
11:20 of 1st period - Shot Misses the Net.
11:24 of 1st period - Shot by Andrew Agozzino.
11:24 of 1st period - Shot Misses the Net.
11:26 of 1st period - Shot by Cam York.
11:26 of 1st period - Shot Blocked by Patrick Maroon.
11:28 of 1st period - Shot by Cam York.
11:28 of 1st period - Stopped by Lukas Dostal without a rebound.
11:29 of 1st period - Zac Dalpe wins face-off versus Raphael Lavoie in Silver Tips zone.
11:36 of 1st period - Shot by Chris Terry.
11:36 of 1st period - Shot Blocked by Yegor Zamula.
12:15 of 1st period - Minor Penalty to William Eklund for Holding.
12:16 of 1st period - Andrew Agozzino wins face-off versus Rem Pitlick in Silver Tips zone.
12:41 of 1st period - Shot by Cam York.
12:41 of 1st period - Shot Misses the Net.
14:05 of 1st period - Shot by Cam York.
14:05 of 1st period - Stopped by Lukas Dostal with a rebound.
14:07 of 1st period - Shot by Andrew Agozzino.
14:07 of 1st period - Stopped by Lukas Dostal with a rebound.
14:29 of 1st period - Shot by William Eklund.
14:29 of 1st period - Deflect By Samuel Fagemo.
14:29 of 1st period - Shot Misses the Net.
14:37 of 1st period - Icing by Georgii Merkulov.
14:38 of 1st period - Cal Clutterbuck wins face-off versus Georgii Merkulov in Heat zone.
14:45 of 1st period - Shot by Cal Clutterbuck.
14:45 of 1st period - Shot Misses the Net.
14:53 of 1st period - Shot by Jayson Megna.
14:53 of 1st period - Stopped by Lukas Dostal with a rebound.
14:55 of 1st period - Shot by Jayson Megna.
14:55 of 1st period - Stopped by Lukas Dostal without a rebound.
14:56 of 1st period - Andrew Agozzino wins face-off versus Connor Brown in Silver Tips zone.
14:59 of 1st period - Shot by Sam Gagner.
14:59 of 1st period - Shot Misses the Net.
15:55 of 1st period - Shot by Adam Cracknell.
15:55 of 1st period - Shot Blocked by Chris Terry.
16:23 of 1st period - Shot by Cal Clutterbuck.
16:23 of 1st period - Stopped by Calvin Pickard without a rebound.
16:24 of 1st period - Tanner Kero wins face-off versus Rem Pitlick in Heat zone.
16:39 of 1st period - Rem Pitlick is hit by Jaycob Megna and loses puck.
16:54 of 1st period - Minor Penalty to Jaycob Megna for High sticking.
16:55 of 1st period - Georgii Merkulov wins face-off versus William Eklund in Heat zone.
17:37 of 1st period - Shot by Cal Clutterbuck.
17:37 of 1st period - Stopped by Calvin Pickard with a rebound.
17:39 of 1st period - Shot by Rem Pitlick.
17:39 of 1st period - Stopped by Calvin Pickard without a rebound.
17:40 of 1st period - Tanner Kero wins face-off versus Rem Pitlick in Heat zone.
17:40 of 1st period - Marcus Bjork is hit by Patrick Maroon.
19:01 of 1st period - Shot by Andrew Agozzino.
19:01 of 1st period - Shot Misses the Net.
19:03 of 1st period - Shot by Cameron Hughes.
19:03 of 1st period - Shot Blocked by Adam Cracknell.
19:14 of 1st period - Sam Gagner is hit by Joseph Cecconi and loses puck.
19:22 of 1st period - Shot by Sam Gagner.
19:22 of 1st period - Shot Misses the Net.
19:24 of 1st period - Shot by Jaycob Megna.
19:24 of 1st period - Stopped by Lukas Dostal without a rebound.
19:25 of 1st period - Zac Dalpe wins face-off versus Connor Brown in Silver Tips zone.
19:30 of 1st period - Shot by Anthony Richard.
19:30 of 1st period - Shot Blocked by Yegor Zamula.
19:38 of 1st period - Shot by Zac Dalpe.
19:38 of 1st period - Shot Misses the Net.
19:46 of 1st period - Shot by Anthony Richard.
19:46 of 1st period - Shot Misses the Net.
19:48 of 1st period - Shot by Radim Simek.
19:48 of 1st period - Shot Misses the Net.
Goals for this period are 1 for Silver Tips vs 1 for Heat.
Shots for this period are 6 for Silver Tips vs 11 for Heat.

2nd period


0:01 of 2nd period - Tanner Kero wins face-off versus Cal Clutterbuck in neutral zone.
0:04 of 2nd period - Shot by Tyler Pitlick.
0:04 of 2nd period - Stopped by Lukas Dostal with a rebound.
0:06 of 2nd period - Shot by Max McCormick.
0:06 of 2nd period - Deflect By Tyler Pitlick.
0:06 of 2nd period - Shot Misses the Net.
0:08 of 2nd period - Shot by Tanner Kero.
0:08 of 2nd period - Stopped by Lukas Dostal without a rebound.
0:09 of 2nd period - Connor Brown wins face-off versus Georgii Merkulov in Silver Tips zone.
0:19 of 2nd period - Icing by Cam York.
0:20 of 2nd period - Georgii Merkulov wins face-off versus Rem Pitlick in Heat zone.
0:20 of 2nd period - Georgii Merkulov is hit by Patrick Maroon.
0:27 of 2nd period - Minor Penalty to David Jiricek for Tripping.
0:28 of 2nd period - Zac Dalpe wins face-off versus Raphael Lavoie in Silver Tips zone.
0:29 of 2nd period - Shot by Chris Terry.
0:29 of 2nd period - Stopped by Lukas Dostal without a rebound.
0:30 of 2nd period - Zac Dalpe wins face-off versus Raphael Lavoie in Silver Tips zone.
0:31 of 2nd period - Shot by Chris Terry.
0:31 of 2nd period - Stopped by Lukas Dostal without a rebound.
0:32 of 2nd period - Raphael Lavoie wins face-off versus Zac Dalpe in Silver Tips zone.
0:47 of 2nd period - Shot by Zac Dalpe.
0:47 of 2nd period - Shot Misses the Net.
0:49 of 2nd period - Shot by Chris Terry.
0:49 of 2nd period - Shot Misses the Net.
0:51 of 2nd period - Shot by Anthony Richard.
0:51 of 2nd period - Stopped by Lukas Dostal without a rebound.
0:52 of 2nd period - Andrew Agozzino wins face-off versus Raphael Lavoie in Silver Tips zone.
1:46 of 2nd period - Shot by Marcus Bjork.
1:46 of 2nd period - Goal by Marcus Bjork - Silver Tips : 1 - Heat : 2.
1:47 of 2nd period - Georgii Merkulov wins face-off versus William Eklund in neutral zone.
1:47 of 2nd period - Radim Simek is hit by Samuel Fagemo and loses puck.
1:55 of 2nd period - Shot by Jayson Megna.
1:55 of 2nd period - Stopped by Lukas Dostal without a rebound.
1:56 of 2nd period - Connor Brown wins face-off versus Zac Dalpe in Silver Tips zone.
1:56 of 2nd period - Minor Penalty to Zac Dalpe for Tripping.
1:57 of 2nd period - William Eklund wins face-off versus Tanner Kero in Heat zone.
2:47 of 2nd period - Icing by William Trudeau.
2:48 of 2nd period - Georgii Merkulov wins face-off versus Rem Pitlick in Silver Tips zone.
2:59 of 2nd period - Shot by Patrick Maroon.
2:59 of 2nd period - Shot Blocked by Jaycob Megna.
3:01 of 2nd period - Shot by Cal Clutterbuck.
3:01 of 2nd period - Deflect By Patrick Maroon.
3:01 of 2nd period - Shot Misses the Net.
3:03 of 2nd period - Shot by Cal Clutterbuck.
3:03 of 2nd period - Stopped by Calvin Pickard with a rebound.
3:05 of 2nd period - Shot by Adam Ginning.
3:05 of 2nd period - Stopped by Calvin Pickard with a rebound.
3:11 of 2nd period - Shot by Rem Pitlick.
3:11 of 2nd period - Shot Misses the Net.
3:44 of 2nd period - Raphael Lavoie is hit by Jacob Bernard-Docker and loses puck.
3:55 of 2nd period - Shot by Raphael Lavoie.
3:55 of 2nd period - Stopped by Calvin Pickard without a rebound.
3:56 of 2nd period - William Eklund wins face-off versus Tanner Kero in Heat zone.
4:35 of 2nd period - Shot by Rem Pitlick.
4:35 of 2nd period - Stopped by Calvin Pickard with a rebound.
4:37 of 2nd period - Shot by Connor Brown.
4:37 of 2nd period - Shot Misses the Net.
4:57 of 2nd period - Shot by Rem Pitlick.
4:57 of 2nd period - Shot Misses the Net.
4:59 of 2nd period - Shot by Adam Ginning.
4:59 of 2nd period - Shot Blocked by Marcus Bjork.
5:17 of 2nd period - Shot by Chase De Leo.
5:17 of 2nd period - Stopped by Calvin Pickard without a rebound.
5:18 of 2nd period - Connor Brown wins face-off versus Andrew Agozzino in Heat zone.
5:20 of 2nd period - Minor Penalty to Jacob Bernard-Docker for Hooking.
5:21 of 2nd period - Cameron Hughes wins face-off versus Rem Pitlick in Heat zone.
5:41 of 2nd period - Icing by Rem Pitlick.
5:42 of 2nd period - Tanner Kero wins face-off versus Rem Pitlick in Silver Tips zone.
6:39 of 2nd period - Shot by Chase De Leo.
6:39 of 2nd period - Shot Misses the Net.
7:05 of 2nd period - Shot by Gemel Smith.
7:05 of 2nd period - Shot Misses the Net.
7:41 of 2nd period - Shot by William Eklund.
7:41 of 2nd period - Shot Misses the Net.
7:43 of 2nd period - Shot by William Trudeau.
7:43 of 2nd period - Shot Blocked by Jacob Bernard-Docker.
7:45 of 2nd period - Shot by David Jiricek.
7:45 of 2nd period - Stopped by Calvin Pickard without a rebound.
7:46 of 2nd period - Connor Brown wins face-off versus Andrew Agozzino in Heat zone.
8:01 of 2nd period - Shot by Chase De Leo.
8:01 of 2nd period - Stopped by Calvin Pickard with a rebound.
8:03 of 2nd period - Shot by Joseph Cecconi.
8:03 of 2nd period - Shot Misses the Net.
8:05 of 2nd period - Shot by Connor Brown.
8:05 of 2nd period - Deflect By Raphael Lavoie.
8:05 of 2nd period - Stopped by Calvin Pickard with a rebound.
8:27 of 2nd period - Marcus Bjork is hit by Cal Clutterbuck and loses puck.
8:42 of 2nd period - Shot by Cal Clutterbuck.
8:42 of 2nd period - Deflect By Rem Pitlick.
8:42 of 2nd period - Shot Misses the Net.
8:44 of 2nd period - Shot by Cal Clutterbuck.
8:44 of 2nd period - Shot Blocked by Marcus Bjork.
8:48 of 2nd period - Shot by Rem Pitlick.
8:48 of 2nd period - Stopped by Calvin Pickard without a rebound.
8:49 of 2nd period - Georgii Merkulov wins face-off versus William Eklund in Heat zone.
9:04 of 2nd period - Adam Cracknell is hit by Nathan Walker and loses puck.
9:09 of 2nd period - Shot by Nathan Walker.
9:09 of 2nd period - Stopped by Lukas Dostal without a rebound.
9:10 of 2nd period - Cal Clutterbuck wins face-off versus Zac Dalpe in Silver Tips zone.
10:01 of 2nd period - Shot by William Eklund.
10:01 of 2nd period - Stopped by Calvin Pickard without a rebound.
10:02 of 2nd period - Connor Brown wins face-off versus Tanner Kero in Heat zone.
10:17 of 2nd period - Tanner Kero is hit by Raphael Lavoie and loses puck.
10:23 of 2nd period - Raphael Lavoie is hit by Marcus Bjork and loses puck.
10:39 of 2nd period - Max McCormick is hit by William Trudeau and loses puck.
11:03 of 2nd period - Minor Penalty to Adam Cracknell for High sticking.
11:04 of 2nd period - Raphael Lavoie wins face-off versus Zac Dalpe in Silver Tips zone.
11:10 of 2nd period - Shot by Cam York.
11:10 of 2nd period - Stopped by Lukas Dostal without a rebound.
11:11 of 2nd period - Raphael Lavoie wins face-off versus Zac Dalpe in Silver Tips zone.
11:11 of 2nd period - Raphael Lavoie is hit by Zac Dalpe.
12:00 of 2nd period - Max McCormick is hit by William Trudeau and loses puck.
12:17 of 2nd period - Minor Penalty to Adam Ginning for Hooking.
12:18 of 2nd period - Zac Dalpe wins face-off versus Rem Pitlick in Silver Tips zone.
12:21 of 2nd period - Shot by Chris Terry.
12:21 of 2nd period - Shot Misses the Net.
12:23 of 2nd period - Shot by Marcus Bjork.
12:23 of 2nd period - Stopped by Lukas Dostal without a rebound.
12:24 of 2nd period - Andrew Agozzino wins face-off versus Rem Pitlick in Silver Tips zone.
12:25 of 2nd period - Shot by Jaycob Megna.
12:25 of 2nd period - Shot Blocked by Michael Kesselring.
12:27 of 2nd period - Shot by Sam Gagner.
12:27 of 2nd period - Deflect By Andrew Agozzino.
12:27 of 2nd period - Stopped by Lukas Dostal without a rebound.
12:28 of 2nd period - Zac Dalpe wins face-off versus Rem Pitlick in Silver Tips zone.
12:33 of 2nd period - Shot by Cam York.
12:33 of 2nd period - Stopped by Lukas Dostal with a rebound.
12:35 of 2nd period - Shot by Chris Terry.
12:35 of 2nd period - Shot Misses the Net.
12:37 of 2nd period - Shot by Chris Terry.
12:37 of 2nd period - Deflect By Anthony Richard.
12:37 of 2nd period - Goal by Anthony Richard - Silver Tips : 1 - Heat : 3.
12:38 of 2nd period - Andrew Agozzino wins face-off versus Raphael Lavoie in neutral zone.
12:58 of 2nd period - Icing by Filip Roos.
12:59 of 2nd period - Raphael Lavoie wins face-off versus Andrew Agozzino in Heat zone.
13:22 of 2nd period - Michael Kesselring is hit by Sam Gagner and loses puck.
13:39 of 2nd period - Cal Clutterbuck is hit by Chris Terry and loses puck.
14:25 of 2nd period - William Eklund is hit by Jayson Megna and loses puck.
14:35 of 2nd period - Nathan Walker is hit by Adam Cracknell and loses puck.
15:52 of 2nd period - William Trudeau is hit by Andrew Agozzino and loses puck.
16:33 of 2nd period - Shot by Radim Simek.
16:33 of 2nd period - Shot Blocked by William Trudeau.
16:35 of 2nd period - Shot by Zac Dalpe.
16:35 of 2nd period - Shot Misses the Net.
16:37 of 2nd period - Shot by Chris Terry.
16:37 of 2nd period - Shot Blocked by Cal Clutterbuck.
16:39 of 2nd period - Shot by Marcus Bjork.
16:39 of 2nd period - Stopped by Lukas Dostal with a rebound.
16:41 of 2nd period - Shot by Anthony Richard.
16:41 of 2nd period - Shot Blocked by William Trudeau.
16:43 of 2nd period - Shot by Anthony Richard.
16:43 of 2nd period - Stopped by Lukas Dostal without a rebound.
16:44 of 2nd period - William Eklund wins face-off versus Georgii Merkulov in Silver Tips zone.
16:57 of 2nd period - Shot by Samuel Fagemo.
16:57 of 2nd period - Stopped by Calvin Pickard with a rebound.
17:03 of 2nd period - Shot by Nathan Walker.
17:03 of 2nd period - Stopped by Lukas Dostal with a rebound.
17:12 of 2nd period - Georgii Merkulov is hit by Adam Ginning and loses puck.
17:31 of 2nd period - Shot by Chris Terry.
17:31 of 2nd period - Stopped by Lukas Dostal without a rebound.
17:32 of 2nd period - Connor Brown wins face-off versus Tanner Kero in Silver Tips zone.
17:49 of 2nd period - Shot by Tyler Pitlick.
17:49 of 2nd period - Stopped by Lukas Dostal without a rebound.
17:50 of 2nd period - Connor Brown wins face-off versus Zac Dalpe in Silver Tips zone.
17:50 of 2nd period - Connor Brown is hit by Anthony Richard.
18:00 of 2nd period - Shot by Anthony Richard.
18:00 of 2nd period - Deflect By Zac Dalpe.
18:00 of 2nd period - Stopped by Lukas Dostal without a rebound.
18:01 of 2nd period - Andrew Agozzino wins face-off versus Rem Pitlick in Silver Tips zone.
18:01 of 2nd period - Minor Penalty to Yegor Zamula for Holding.
18:02 of 2nd period - Raphael Lavoie wins face-off versus Zac Dalpe in Silver Tips zone.
18:02 of 2nd period - Raphael Lavoie is hit by Chris Terry.
19:03 of 2nd period - Shot by Filip Roos.
19:03 of 2nd period - Shot Blocked by David Jiricek.
19:05 of 2nd period - Shot by Max McCormick.
19:05 of 2nd period - Shot Misses the Net.
19:13 of 2nd period - Shot by Filip Roos.
19:13 of 2nd period - Shot Misses the Net.
19:15 of 2nd period - Shot by Marcus Bjork.
19:15 of 2nd period - Stopped by Lukas Dostal without a rebound.
19:16 of 2nd period - Raphael Lavoie wins face-off versus Andrew Agozzino in Silver Tips zone.
19:27 of 2nd period - Shot by Cam York.
19:27 of 2nd period - Stopped by Lukas Dostal without a rebound.
19:28 of 2nd period - Zac Dalpe wins face-off versus Rem Pitlick in Silver Tips zone.
19:31 of 2nd period - Shot by Anthony Richard.
19:31 of 2nd period - Shot Blocked by Cal Clutterbuck.
19:53 of 2nd period - Shot by Marcus Bjork.
19:53 of 2nd period - Stopped by Lukas Dostal without a rebound.
19:54 of 2nd period - Andrew Agozzino wins face-off versus Raphael Lavoie in Silver Tips zone.
Goals for this period are 0 for Silver Tips vs 2 for Heat.
Shots for this period are 11 for Silver Tips vs 22 for Heat.

3rd period


0:01 of 3rd period - Cal Clutterbuck wins face-off versus Georgii Merkulov in neutral zone.
0:31 of 3rd period - Yegor Zamula is hit by Georgii Merkulov and loses puck.
1:02 of 3rd period - Jaycob Megna is hit by Samuel Fagemo.
1:22 of 3rd period - Shot by Zac Dalpe.
1:22 of 3rd period - Deflect By Chris Terry.
1:22 of 3rd period - Stopped by Lukas Dostal without a rebound.
1:23 of 3rd period - Gemel Smith wins face-off versus Andrew Agozzino in Silver Tips zone.
1:23 of 3rd period - Gemel Smith is hit by Andrew Agozzino.
1:36 of 3rd period - Andrew Agozzino is hit by Joseph Cecconi and loses puck.
1:37 of 3rd period - Minor Penalty to Adam Ginning for Charging.
1:38 of 3rd period - Raphael Lavoie wins face-off versus Zac Dalpe in Silver Tips zone.
1:46 of 3rd period - Zac Dalpe is hit by William Trudeau and loses puck.
1:56 of 3rd period - Icing by Chris Terry.
1:57 of 3rd period - Zac Dalpe wins face-off versus Raphael Lavoie in Heat zone.
2:02 of 3rd period - Raphael Lavoie is hit by Zac Dalpe and loses puck.
2:41 of 3rd period - Shot by Andrew Agozzino.
2:41 of 3rd period - Stopped by Lukas Dostal without a rebound.
2:42 of 3rd period - Andrew Agozzino wins face-off versus Rem Pitlick in Silver Tips zone.
2:47 of 3rd period - Shot by Sam Gagner.
2:47 of 3rd period - Shot Misses the Net.
3:10 of 3rd period - Andrew Agozzino is hit by Yegor Zamula and loses puck.
3:38 of 3rd period - Chris Terry is hit by Adam Ginning.
3:50 of 3rd period - Shot by William Eklund.
3:50 of 3rd period - Shot Misses the Net.
4:00 of 3rd period - Shot by Georgii Merkulov.
4:00 of 3rd period - Shot Misses the Net.
4:31 of 3rd period - Icing by William Trudeau.
4:32 of 3rd period - Sam Gagner wins face-off versus Cal Clutterbuck in Silver Tips zone.
4:43 of 3rd period - Shot by Sam Gagner.
4:43 of 3rd period - Stopped by Lukas Dostal without a rebound.
4:44 of 3rd period - Connor Brown wins face-off versus Anthony Richard in Silver Tips zone.
4:44 of 3rd period - Connor Brown is hit by Zac Dalpe.
5:01 of 3rd period - Zac Dalpe is hit by William Trudeau and loses puck.
5:10 of 3rd period - Shot by Cam York.
5:10 of 3rd period - Shot Blocked by David Jiricek.
5:12 of 3rd period - Shot by Anthony Richard.
5:12 of 3rd period - Shot Blocked by William Trudeau.
5:14 of 3rd period - Shot by Zac Dalpe.
5:14 of 3rd period - Shot Blocked by Cal Clutterbuck.
5:38 of 3rd period - Shot by Andrew Agozzino.
5:38 of 3rd period - Shot Misses the Net.
5:40 of 3rd period - Shot by Cameron Hughes.
5:40 of 3rd period - Deflect By Sam Gagner.
5:40 of 3rd period - Stopped by Lukas Dostal with a rebound.
5:52 of 3rd period - Shot by Andrew Agozzino.
5:52 of 3rd period - Deflect By Sam Gagner.
5:52 of 3rd period - Stopped by Lukas Dostal with a rebound.
6:12 of 3rd period - Shot by Samuel Fagemo.
6:12 of 3rd period - Stopped by Calvin Pickard without a rebound.
6:13 of 3rd period - Tanner Kero wins face-off versus William Eklund in Heat zone.
6:26 of 3rd period - Shot by Tyler Pitlick.
6:26 of 3rd period - Stopped by Lukas Dostal with a rebound.
7:25 of 3rd period - Shot by Nathan Walker.
7:25 of 3rd period - Goal by Nathan Walker - Silver Tips : 1 - Heat : 4.
7:26 of 3rd period - Zac Dalpe wins face-off versus Gemel Smith in neutral zone.
7:51 of 3rd period - Shot by Zac Dalpe.
7:51 of 3rd period - Shot Blocked by Yegor Zamula.
7:53 of 3rd period - Shot by Anthony Richard.
7:53 of 3rd period - Shot Misses the Net.
8:02 of 3rd period - Gemel Smith is hit by Jacob Bernard-Docker.
8:17 of 3rd period - Icing by William Trudeau.
8:18 of 3rd period - Andrew Agozzino wins face-off versus Cal Clutterbuck in Silver Tips zone.
9:06 of 3rd period - Off-side.
9:07 of 3rd period - Tanner Kero wins face-off versus William Eklund in neutral zone.
11:08 of 3rd period - Shot by Adam Cracknell.
11:08 of 3rd period - Stopped by Calvin Pickard without a rebound.
11:09 of 3rd period - Andrew Agozzino wins face-off versus Rem Pitlick in Heat zone.
11:09 of 3rd period - Andrew Agozzino is hit by Patrick Maroon.
11:32 of 3rd period - Minor Penalty to William Trudeau for High sticking.
11:33 of 3rd period - Zac Dalpe wins face-off versus Raphael Lavoie in Silver Tips zone.
11:36 of 3rd period - Shot by Chris Terry.
11:36 of 3rd period - Shot Blocked by Yegor Zamula.
12:01 of 3rd period - Minor Penalty to Chase De Leo for Hooking.
12:02 of 3rd period - Andrew Agozzino wins face-off versus Rem Pitlick in Silver Tips zone.
12:23 of 3rd period - Shot by Sam Gagner.
12:23 of 3rd period - Stopped by Lukas Dostal without a rebound.
12:24 of 3rd period - Zac Dalpe wins face-off versus Rem Pitlick in Silver Tips zone.
13:28 of 3rd period - Shot by Cam York.
13:28 of 3rd period - Shot Misses the Net.
14:27 of 3rd period - Shot by William Eklund.
14:27 of 3rd period - Shot Misses the Net.
14:28 of 3rd period - Minor Penalty to Jacob Bernard-Docker for Roughing.
14:29 of 3rd period - Jayson Megna wins face-off versus Rem Pitlick in Heat zone.
14:35 of 3rd period - Icing by Cal Clutterbuck.
14:36 of 3rd period - Rem Pitlick wins face-off versus Tanner Kero in Silver Tips zone.
14:57 of 3rd period - Shot by Rem Pitlick.
14:57 of 3rd period - Deflect By Cal Clutterbuck.
14:57 of 3rd period - Shot Misses the Net.
15:09 of 3rd period - William Eklund is hit by Tanner Kero and loses puck.
15:16 of 3rd period - Tanner Kero is hit by Chase De Leo and loses puck.
15:50 of 3rd period - Shot by Gemel Smith.
15:50 of 3rd period - Deflect By Rem Pitlick.
15:50 of 3rd period - Shot Misses the Net.
15:52 of 3rd period - Shot by William Trudeau.
15:52 of 3rd period - Goal by William Trudeau - Silver Tips : 2 - Heat : 4.
15:53 of 3rd period - Zac Dalpe wins face-off versus William Eklund in neutral zone.
16:44 of 3rd period - Icing by Radim Simek.
16:45 of 3rd period - Andrew Agozzino wins face-off versus Rem Pitlick in Heat zone.
17:03 of 3rd period - Icing by William Trudeau.
17:04 of 3rd period - Tanner Kero wins face-off versus Rem Pitlick in Silver Tips zone.
17:17 of 3rd period - Shot by Cal Clutterbuck.
17:17 of 3rd period - Shot Misses the Net.
17:42 of 3rd period - Icing by Tanner Kero.
17:43 of 3rd period - Connor Brown wins face-off versus Tanner Kero in Heat zone.
17:43 of 3rd period - Connor Brown is hit by Marcus Bjork.
17:56 of 3rd period - Icing by Radim Simek.
17:57 of 3rd period - William Eklund wins face-off versus Tanner Kero in Heat zone.
19:32 of 3rd period - Shot by Raphael Lavoie.
19:32 of 3rd period - Stopped by Calvin Pickard without a rebound.
19:33 of 3rd period - Zac Dalpe wins face-off versus Rem Pitlick in Heat zone.
19:46 of 3rd period - Shot by Chris Terry.
19:46 of 3rd period - Shot Hit the Post.
19:48 of 3rd period - Shot by Cam York.
19:48 of 3rd period - Deflect By Anthony Richard.
19:48 of 3rd period - Shot Misses the Net.
19:50 of 3rd period - Shot by Zac Dalpe.
19:50 of 3rd period - Shot Misses the Net.
19:52 of 3rd period - Shot by Zac Dalpe.
19:52 of 3rd period - Stopped by Lukas Dostal without a rebound.
19:53 of 3rd period - Andrew Agozzino wins face-off versus Connor Brown in Silver Tips zone.
Goals for this period are 1 for Silver Tips vs 1 for Heat.
Shots for this period are 4 for Silver Tips vs 9 for Heat.